NYP
TRI-CITY VALLEYCATS @ LOS ANGELES (NYP) ANGELS
07/08/2044
 
TOP OF THE 1ST
Tri-City ValleyCats batting - Pitching for Los Angeles (NYP) Angels : RHP Jose Alvarado
Pitching: RHP Jose Alvarado
Batting: RHB Ben Hoffman 0-0: Called Strike
0-1: SINGLE (Groundball, 25, EV 67.5 MPH) (infield hit)
Batting: RHB Justin Olmstead 0-0: Ball
1-0: Ball
2-0: SINGLE (Line Drive, 3D, EV 96.9 MPH)
Ben Hoffman to second
Runner from 2nd tries for 3rd, SAFE, throw by RF made to third
Batting: LHB Vinny Siebecker 0-0: DOUBLE (Line Drive, 9LM, EV 103.8 MPH)
Ben Hoffman scores
Justin Olmstead to third
Batting: RHB Bobby Dunn 0-0: Ball
1-0: Called Strike
1-1: Called Strike
1-2: Foul Ball, location: 2F
1-2: Foul Ball, location: 2F
1-2: Strikes out swinging
Batting: SHB Chris Keziah 0-0: Ball
1-0: Ball
2-0: Ball
3-0: Called Strike
3-1: SINGLE (Groundball, 4D, EV 103.1 MPH)
Justin Olmstead scores
Vinny Siebecker to third
Batting: RHB Sean Mounts 0-0: Called Strike
0-1: Grounds into double play, 5-4-3 (Groundball, 56, EV 101.3 MPH)
Top of the 1st over - 2 runs, 4 hits, 0 errors, 1 left on base; Tri-City 2 - Los Angeles (NYP) 0
BOTTOM OF THE 1ST
Los Angeles (NYP) Angels batting - Pitching for Tri-City ValleyCats : RHP Alex Salinas
Pitching: RHP Alex Salinas
Batting: RHB Randy Grewe 0-0: Called Strike
0-1: Foul Ball, location: 2F
0-2: SINGLE (Groundball, 56S, EV 71.3 MPH) (infield hit)
Batting: RHB Steve Hasson 0-0: Ball
1-0: Ball
2-0: Fielders Choice at 2nd, 6-4 (Groundball, 6M, EV 86.9 MPH)
Batting: RHB Jeff Long 0-0: Ball
1-0: Ball
Steve Hasson steals 2nd base
2-0: Fly out, F8 (Flyball, 8LM, EV 83.8 MPH)
Batting: SHB Conor Davies 0-0: Called Strike
0-1: Ball
1-1: Ball
2-1: Foul Ball, location: 2F
2-2: Foul Ball, location: 2F
2-2: Strikes out looking
Bottom of the 1st over - 0 runs, 1 hit, 0 errors, 1 left on base; Tri-City 2 - Los Angeles (NYP) 0
TOP OF THE 2ND
Tri-City ValleyCats batting - Pitching for Los Angeles (NYP) Angels : RHP Jose Alvarado
Batting: RHB Jorge Gutierrez 0-0: Ball
1-0: Ball
2-0: Swinging Strike
2-1: Foul Ball, location: 2F
2-2: Strikes out looking
Batting: RHB Evan Fry 0-0: Ground out 6-3 (Groundball, 6, EV 86.3 MPH)
Batting: RHB Ruben Pujols 0-0: Ball
1-0: Foul Ball, location: 2F
1-1: Foul Ball, location: 2F
1-2: DOUBLE (Flyball, 89XD, EV 102.5 MPH)
Batting: RHB Ben Hoffman 0-0: Ball
1-0: Ball
2-0: Ground out U3 (Groundball, 34S, EV 85.0 MPH)
Top of the 2nd over - 0 runs, 1 hit, 0 errors, 1 left on base; Tri-City 2 - Los Angeles (NYP) 0
BOTTOM OF THE 2ND
Los Angeles (NYP) Angels batting - Pitching for Tri-City ValleyCats : RHP Alex Salinas
Batting: RHB Tsega Haida 0-0: Called Strike
0-1: Ball
1-1: Foul Ball, location: 2F
1-2: Ball
2-2: Foul Ball, location: 2F
2-2: Ball
3-2: Base on Balls
Batting: RHB Jason Habeck 0-0: Ball
Tsega Haida steals 2nd base
1-0: Ball
2-0: Ball
3-0: Base on Balls
Batting: RHB Steve Hughey 0-0: Ball
1-0: Called Strike
1-1: Fly out, F8 (Flyball, 89XD, EV 105.0 MPH)
Runner from 2nd tags up, SAFE at 3rd, no throw by CF
Batting: RHB David Kunze 0-0: Called Strike
0-1: Fielders Choice at 2nd, 6-4 (Groundball, 6, EV 84.4 MPH)
Tsega Haida scores
Batting: RHB Zach Robbins 0-0: Ball
David Kunze steals 2nd base
1-0: Ground out 6-3 (Groundball, 6S, EV 81.9 MPH)
Bottom of the 2nd over - 1 run, 0 hits, 0 errors, 1 left on base; Tri-City 2 - Los Angeles (NYP) 1
TOP OF THE 3RD
Tri-City ValleyCats batting - Pitching for Los Angeles (NYP) Angels : RHP Jose Alvarado
Batting: RHB Justin Olmstead 0-0: Ground out 6-3 (Groundball, 6, EV 87.5 MPH)
Batting: LHB Vinny Siebecker 0-0: Called Strike
0-1: Foul Ball, location: 2F
0-2: Strikes out looking
Batting: RHB Bobby Dunn 0-0: Swinging Strike
0-1: Called Strike
0-2: Ball
1-2: Ball
2-2: Strikes out swinging
Top of the 3rd over - 0 runs, 0 hits, 0 errors, 0 left on base; Tri-City 2 - Los Angeles (NYP) 1
BOTTOM OF THE 3RD
Los Angeles (NYP) Angels batting - Pitching for Tri-City ValleyCats : RHP Alex Salinas
Batting: RHB Randy Grewe 0-0: Ground out 4-3 (Groundball, 4, EV 104.4 MPH)
Batting: RHB Steve Hasson 0-0: Ball
1-0: Ball
2-0: Ball
3-0: Called Strike
3-1: Called Strike
3-2: Fly out, F9 (Line Drive, 9, EV 91.9 MPH)
Batting: RHB Jeff Long 0-0: Swinging Strike
0-1: Foul Ball, location: 2F
0-2: Strikes out swinging
Bottom of the 3rd over - 0 runs, 0 hits, 0 errors, 0 left on base; Tri-City 2 - Los Angeles (NYP) 1
TOP OF THE 4TH
Tri-City ValleyCats batting - Pitching for Los Angeles (NYP) Angels : RHP Jose Alvarado
Batting: SHB Chris Keziah 0-0: Ball
1-0: Foul Ball, location: 2F
1-1: Ball
2-1: Fly out, F7 (Flyball, 78M, EV 89.4 MPH)
Batting: RHB Sean Mounts 0-0: Called Strike
0-1: Ground out 4-3 (Groundball, 4M, EV 81.3 MPH)
Batting: RHB Jorge Gutierrez 0-0: Called Strike
0-1: Ball
1-1: Swinging Strike
1-2: Strikes out swinging
Top of the 4th over - 0 runs, 0 hits, 0 errors, 0 left on base; Tri-City 2 - Los Angeles (NYP) 1
BOTTOM OF THE 4TH
Los Angeles (NYP) Angels batting - Pitching for Tri-City ValleyCats : RHP Alex Salinas
Batting: SHB Conor Davies 0-0: Ball
1-0: Ball
2-0: Called Strike
2-1: Ground out 5-3 (Groundball, 56, EV 83.8 MPH)
Batting: RHB Tsega Haida 0-0: Ball
1-0: Foul Ball, location: 2F
1-1: Ball
2-1: Ball
3-1: Ground out 4-3 (Groundball, 4, EV 100.0 MPH)
Batting: RHB Jason Habeck 0-0: Called Strike
0-1: Swinging Strike
0-2: Strikes out swinging
Bottom of the 4th over - 0 runs, 0 hits, 0 errors, 0 left on base; Tri-City 2 - Los Angeles (NYP) 1
TOP OF THE 5TH
Tri-City ValleyCats batting - Pitching for Los Angeles (NYP) Angels : RHP Jose Alvarado
Batting: RHB Evan Fry 0-0: Foul Ball, location: 2F
0-1: Foul Ball, location: 2F
0-2: Ball
1-2: Ground out 6-3 (Groundball, 6, EV 103.1 MPH)
Batting: RHB Ruben Pujols 0-0: Ball
1-0: Ball
2-0: Swinging Strike
2-1: Ball
3-1: Base on Balls
Batting: RHB Ben Hoffman 0-0: Ball
1-0: Foul Ball, location: 2F
1-1: Foul Ball, location: 2F
1-2: Ball
2-2: SINGLE (Groundball, 4M, EV 103.8 MPH) (infield hit)
Ruben Pujols to second
Batting: RHB Justin Olmstead 0-0: Ball
1-0: Fly out, F9 (Flyball, 9S, EV 76.9 MPH)
Batting: LHB Vinny Siebecker 0-0: Called Strike
0-1: Ball
1-1: Swinging Strike
1-2: Strikes out swinging
Top of the 5th over - 0 runs, 1 hit, 0 errors, 2 left on base; Tri-City 2 - Los Angeles (NYP) 1
BOTTOM OF THE 5TH
Los Angeles (NYP) Angels batting - Pitching for Tri-City ValleyCats : RHP Alex Salinas
Batting: RHB Steve Hughey 0-0: Called Strike
0-1: Hit by Pitch
Batting: RHB David Kunze 0-0: Ball
1-0: Called Strike
1-1: Foul Ball, location: 2F
1-2: Strikes out swinging
Batting: RHB Zach Robbins 0-0: Foul Ball, location: 2F
0-1: Called Strike
0-2: Strikes out looking
Batting: RHB Randy Grewe 0-0: Fly out, F8 (Flyball, 78M, EV 94.4 MPH)
Bottom of the 5th over - 0 runs, 0 hits, 0 errors, 1 left on base; Tri-City 2 - Los Angeles (NYP) 1
TOP OF THE 6TH
Tri-City ValleyCats batting - Pitching for Los Angeles (NYP) Angels : RHP Jose Alvarado
Batting: RHB Bobby Dunn 0-0: Ball
1-0: Called Strike
1-1: Foul Ball, location: 2F
1-2: Strikes out looking
Batting: SHB Chris Keziah 0-0: Foul Ball, location: 2F
0-1: Ball
1-1: Foul Ball, location: 2F
1-2: Strikes out swinging
Batting: RHB Sean Mounts 0-0: Ball
1-0: Swinging Strike
1-1: Ball
2-1: Fly out, F9 (Flyball, 9LD, EV 108.8 MPH)
Top of the 6th over - 0 runs, 0 hits, 0 errors, 0 left on base; Tri-City 2 - Los Angeles (NYP) 1
BOTTOM OF THE 6TH
Los Angeles (NYP) Angels batting - Pitching for Tri-City ValleyCats : RHP Alex Salinas
Batting: RHB Steve Hasson 0-0: Swinging Strike
0-1: Swinging Strike
0-2: Ball
1-2: Strikes out swinging
Batting: RHB Jeff Long 0-0: Ball
1-0: Ball
2-0: SINGLE (Groundball, 6MD, EV 100.6 MPH)
Batting: SHB Conor Davies 0-0: Called Strike
Jeff Long steals 2nd base
0-1: Ball
1-1: Ball
2-1: Foul Ball, location: 2F
2-2: Ball
Wild Pitch!
Jeff Long to third
3-2: Foul Ball, location: 2F
3-2: Base on Balls
Batting: RHB Tsega Haida 0-0: Swinging Strike
0-1: Foul Ball, location: 2F
0-2: Ball
1-2: Ball
2-2: Fly out, F7 (Flyball, 78D, EV 106.3 MPH)
Runner from 3rd tags up, SCORES, no throw by LF
Batting: RHB Jason Habeck 0-0: Ball
1-0: SINGLE (Groundball, 4MD, EV 106.3 MPH)
Conor Davies to second
Batting: RHB Steve Hughey 0-0: Swinging Strike
0-1: Ball
1-1: Swinging Strike
1-2: Foul Ball, location: 2F
1-2: SINGLE (Groundball, 56D, EV 100.6 MPH)
Conor Davies to third
Jason Habeck to second
Runner from 3rd tries for Home, SAFE, throw by LF to home
Batting: RHB David Kunze 0-0: Foul Ball, location: 2F
0-1: Ball
1-1: Ball
2-1: Called Strike
2-2: Strikes out swinging
Bottom of the 6th over - 2 runs, 3 hits, 0 errors, 2 left on base; Tri-City 2 - Los Angeles (NYP) 3
TOP OF THE 7TH
Tri-City ValleyCats batting - Pitching for Los Angeles (NYP) Angels : RHP Jose Alvarado
Pitching: RHP Pete Warren
Batting: RHB Jorge Gutierrez 0-0: Ball
1-0: Called Strike
1-1: Called Strike
1-2: Strikes out swinging
Batting: RHB Evan Fry 0-0: Foul Ball, location: 2F
0-1: Ball
1-1: Called Strike
1-2: Ball
2-2: Ball
3-2: Foul Ball, location: 2F
3-2: Base on Balls
Batting: RHB Ruben Pujols 0-0: SINGLE (Groundball, 6MD, EV 96.3 MPH)
Evan Fry to second
Batting: RHB Ben Hoffman 0-0: Ball
Passed Ball!
Evan Fry to third
Ruben Pujols to second
1-0: Foul Ball, location: 2F
1-1: Foul Ball, location: 2F
1-2: Reached on error, E1 (Groundball, 15S, EV 65.6 MPH)
Evan Fry scores
Ruben Pujols scores
Batting: RHB Justin Olmstead 0-0: Ball
1-0: Ball
2-0: Foul Ball, location: 2F
2-1: Foul Ball, location: 2F
2-2: Foul Ball, location: 2F
2-2: Ball
3-2: Foul Ball, location: 2F
3-2: Strikes out swinging
Batting: LHB Vinny Siebecker 0-0: Ball
1-0: Ball
2-0: Ball
3-0: Base on Balls
Batting: RHB Bobby Dunn 0-0: Ball
1-0: Fly out, F8 (Flyball, 78D, EV 96.3 MPH)
Top of the 7th over - 2 runs, 1 hit, 1 error, 2 left on base; Tri-City 4 - Los Angeles (NYP) 3
BOTTOM OF THE 7TH
Los Angeles (NYP) Angels batting - Pitching for Tri-City ValleyCats : RHP Alex Salinas
Batting: RHB Zach Robbins 0-0: Called Strike
0-1: Swinging Strike
0-2: Strikes out swinging
Batting: RHB Randy Grewe 0-0: Ball
1-0: Ball
2-0: Foul Ball, location: 2F
2-1: Swinging Strike
2-2: Strikes out looking
Batting: RHB Steve Hasson 0-0: Ball
1-0: Ground out 5-3 (Groundball, 56, EV 91.9 MPH)
Bottom of the 7th over - 0 runs, 0 hits, 0 errors, 0 left on base; Tri-City 4 - Los Angeles (NYP) 3
TOP OF THE 8TH
Tri-City ValleyCats batting - Pitching for Los Angeles (NYP) Angels : RHP Pete Warren
Pitching: RHP Chris Petrey
Batting: SHB Chris Keziah 0-0: Swinging Strike
0-1: Swinging Strike
0-2: Ball
1-2: Foul Ball, location: 2F
1-2: Ball
2-2: Ball
3-2: Foul Ball, location: 2F
3-2: TRIPLE (Line Drive, 8RXD, EV 103.8 MPH)
Batting: RHB Sean Mounts 0-0: Ball
1-0: Called Strike
1-1: Swinging Strike
1-2: Strikes out swinging
Batting: RHB Jorge Gutierrez 0-0: Foul Ball, location: 2F
0-1: Ground out 1-3 (Groundball, 25, EV 71.3 MPH)
Batting: RHB Evan Fry 0-0: Ground out 4-3 (Groundball, 4, EV 87.5 MPH)
Top of the 8th over - 0 runs, 1 hit, 0 errors, 1 left on base; Tri-City 4 - Los Angeles (NYP) 3
BOTTOM OF THE 8TH
Los Angeles (NYP) Angels batting - Pitching for Tri-City ValleyCats : RHP Alex Salinas
Batting: RHB Jeff Long 0-0: Called Strike
0-1: Swinging Strike
0-2: DOUBLE (Flyball, 78XD, EV 116.3 MPH)
Batting: SHB Conor Davies 0-0: Ground out U3 (Groundball, 34, EV 90.6 MPH)
Jeff Long to third
Batting: RHB Tsega Haida 0-0: Ball
1-0: Swinging Strike
1-1: Called Strike
1-2: Foul Ball, location: 2F
1-2: SINGLE (Groundball, 6MD, EV 101.3 MPH)
Jeff Long scores
Batting: RHB Jason Habeck 0-0: Ball
1-0: Foul Ball, location: 2F
1-1: Ball
Tsega Haida steals 2nd base
2-1: DOUBLE (Line Drive, 8RD, EV 101.9 MPH)
Tsega Haida scores
Batting: RHB Steve Hughey 0-0: Ball
1-0: Called Strike
1-1: Called Strike
1-2: Ball
2-2: Foul Ball, location: 2F
2-2: Strikes out swinging
Batting: RHB David Kunze 0-0: Ball
1-0: Foul Ball, location: 2F
1-1: Ball
2-1: Ball
3-1: Base on Balls
Batting: RHB Zach Robbins 0-0: Ball
1-0: Foul Ball, location: 2F
1-1: Called Strike
1-2: Ground out 3-1 (Groundball, 34, EV 81.9 MPH)
Bottom of the 8th over - 2 runs, 3 hits, 0 errors, 2 left on base; Tri-City 4 - Los Angeles (NYP) 5
TOP OF THE 9TH
Tri-City ValleyCats batting - Pitching for Los Angeles (NYP) Angels : RHP Chris Petrey
Pitching: LHP Brandon Davis
Batting: RHB Ruben Pujols 0-0: Ball
1-0: SINGLE (Flyball, 9LS, EV 96.3 MPH)
Batting: RHB Ben Hoffman 0-0: Ball
1-0: Ball
2-0: Sac Bunt to P - play at first, batter OUT! 1-4
Ruben Pujols to second
Batting: RHB Justin Olmstead 0-0: Ball
1-0: Foul Ball, location: 2F
1-1: Ball
2-1: Foul Ball, location: 2F
2-2: Ball
Balk!
Ruben Pujols to third
3-2: Strikes out swinging
Pinch Hitting: RHB Chris Miller 0-0: Ball
1-0: Fly out, F8 (Flyball, 78D, EV 84.4 MPH)
Top of the 9th over - 0 runs, 1 hit, 0 errors, 1 left on base; Tri-City 4 - Los Angeles (NYP) 5
Thursday, March 31st , 2022 - OOTP Baseball 22.12 Build 89